[Event "Team 45 45 League T52"]
[Site "Internet Chess Club"]
[Date "2012.03.03"]
[Round "3"]
[White "ivanson"]
[Black "jps7"]
[Result "0-1"]
[WhiteElo "1822"]
[BlackElo "1712"]
[Opening "French: Tarrasch"]
[ECO "C03"]
[Time "14:00:20"]
[TimeControl "2700+45"]

1. e4 e6 2. d4 d5 3. Nd2 dxe4 4. Nxe4 Nf6 5. Nxf6+ Qxf6 6. Nf3 h6 7. Bd3 Bd6 8.
O-O O-O 9. Qe2 Nd7 10. Qe4 Rd8 11. Qh7+ Kf8 12. Re1 Ke7 13. h4 Nf8 14. Qe4 Ng6
15. Ne5 Nxh4 16. Ng4 Qg6 17. Qxg6 Nxg6 18. Bxg6 fxg6 19. d5 Kf7 20. dxe6+ Bxe6
21. Ne5+ Bxe5 22. Rxe5 Rd1+ 23. Kh2 Rad8 24. b3 R8d5 25. Bb2 Rxa1 26. Bxa1 Rd2
27. Rc5 c6 28. Kg3 Bf5 29. Kf3 Rxc2 30. Rxc2 Bxc2 31. Bd4 b6 32. Be5 a6 33. Bc7
b5 34. Bb6 Bf5 35. b4 h5 36. Bd4 g5 37. g3 g6 38. Be3 g4+ 39. Kf4 Ke6 40. Bc5
Kd5 41. Ke3 Kc4 42. Kd2 a5 43. a3 a4 44. Bd6 Kb3 {White resigns} 0-1

[Event "Team 45 45 League T52"]
[Site "Internet Chess Club"]
[Date "2012.03.04"]
[Round "3"]
[White "justice02"]
[Black "LittleButton"]
[Result "0-1"]
[WhiteElo "1784"]
[BlackElo "1693"]
[Opening "Kevitz-Trajkovich defense"]
[ECO "A50"]
[Time "08:00:15"]
[TimeControl "2700+45"]

1. c4 Nf6 2. d4 Nc6 3. Nc3 e5 4. d5 Ne7 5. e4 Ng6 6. f3 a6 7. a3 Bc5 8. b4 Bd4
9. Nge2 Ba7 10. Bg5 d6 11. Qd2 h6 12. Be3 Bxe3 13. Qxe3 O-O 14. Nc1 Nh5 15. Nd3
Qh4+ 16. Nf2 Bd7 17. Be2 Ngf4 18. O-O Qg5 19. Kh1 Qxg2# {White checkmated} 0-1

[Event "Team 45 45 League T52"]
[Site "Internet Chess Club"]
[Date "2012.03.04"]
[Round "3"]
[White "Skeptic1972"]
[Black "Innes"]
[Result "1/2-1/2"]
[WhiteElo "1675"]
[BlackElo "1701"]
[Opening "French: MacCutcheon variation"]
[ECO "C12"]
[Time "13:53:08"]
[TimeControl "2700+45"]

1. e4 e6 2. d4 d5 3. Nc3 Nf6 4. Bg5 Bb4 5. exd5 O-O 6. dxe6 Bxe6 7. Nf3 Re8 8.
Be2 Bxc3+ 9. bxc3 Bc4 10. Ne5 Bxe2 11. Qxe2 h6 12. Bh4 g5 13. Bg3 c5 14. O-O-O
Qa5 15. Qc4 Qa3+ 16. Kb1 Re6 17. Ka1 Na6 18. Rb1 cxd4 19. cxd4 Re7 20. Rb3 Qa5
21. Nxf7 Rxf7 22. Rxb7 Nd5 23. Rb5 Qc3+ 24. Qxc3 Nxc3 25. Rb3 Ne4 26. f3 Nxg3
27. hxg3 Kg7 28. c4 Rd8 29. d5 Rc7 30. Re1 Rdd7 31. Ra3 Nb4 32. Kb2 Rxc4 33. Kb3
Rd4 34. Ra4 a5 35. Rxa5 Nxd5 36. a4 Nf6 37. Rae5 Rd3+ 38. Kc4 R7d4+ 39. Kb5 Rd5+
40. Rxd5 Rxd5+ 41. Kc6 Ra5 42. Ra1 Nd5 43. Rd1 Ne3 44. Rd7+ Kf6 45. Rd6+ Kf5 46.
g4+ Kf4 47. Rd4+ Kg3 48. Kb6 Re5 49. Re4 Rxe4 50. fxe4 Kf4 51. Kc5 Kxe4 52. a5
Nd5 53. a6 Nc7 54. a7 Ke5 55. Kc6 Na8 56. Kb7 Kd6 57. Kxa8 Kc7 58. g3 Kc8 {White
stalemated} 1/2-1/2

[Event "Team 45 45 League T52"]
[Site "Internet Chess Club"]
[Date "2012.03.04"]
[Round "3"]
[White "BrianWood"]
[Black "kwameh72"]
[Result "1/2-1/2"]
[WhiteElo "1462"]
[BlackElo "1580"]
[Opening "Queen's pawn: Lundin (Kevitz-Mikenas) defense"]
[ECO "A40"]
[Time "15:15:53"]
[TimeControl "2700+45"]

1. d4 Nc6 2. d5 Ne5 3. e4 Nf6 4. Nc3 e6 5. dxe6 fxe6 6. Nf3 Nxf3+ 7. Qxf3 Be7 8.
e5 Ng8 9. Bd3 Bb4 10. Qh5+ Kf8 11. Qf3+ Ke8 12. Qh5+ {Game drawn by mutual
agreement} 1/2-1/2

[Event "Team 45 45 League T52"]
[Site "Internet Chess Club"]
[Date "2012.03.03"]
[Round "3"]
[White "jfiquett"]
[Black "kingsrook"]
[Result "1-0"]
[WhiteElo "1582"]
[BlackElo "1324"]
[Opening "QGD Slav/Grünfeld: Schlechter variation"]
[ECO "D15"]
[Time "16:02:45"]
[TimeControl "2700+45"]

1. d4 d5 2. c4 c6 3. Nf3 Nf6 4. Nc3 g6 5. cxd5 cxd5 6. Bf4 Bg7 7. e3 O-O 8. h3
Nc6 9. Be2 Qb6 10. Qb3 e6 11. O-O Bd7 12. Rfc1 Rfc8 13. Qxb6 axb6 14. Nb5 Ne8
15. a3 Bf6 16. Rc3 Be7 17. Rac1 Bf8 18. Ne5 Nxe5 19. Bxe5 Rxc3 20. Rxc3 Rc8 21.
Rxc8 Bxc8 22. Nc7 Nd6 23. Na8 b5 24. Bxd6 Bxd6 25. Nb6 b4 26. axb4 Bxb4 27. Nxc8
Kf8 28. Nb6 Ke7 29. f4 Ba5 30. Na4 Bb4 31. Kf2 Kd6 32. Bb5 h6 33. Ke2 Ba5 34. g4
Ke7 35. g5 h5 36. Nc5 b6 37. Nd3 Kf8 38. b4 {Black resigns} 1-0

[Event "Team 45 45 League T52"]
[Site "Internet Chess Club"]
[Date "2012.03.02"]
[Round "3"]
[White "Ivio"]
[Black "Razorbackchess"]
[Result "1-0"]
[WhiteElo "1764"]
[BlackElo "1649"]
[Opening "Queen's pawn: London system"]
[ECO "A45"]
[Time "08:08:23"]
[TimeControl "2700+45"]

1. d4 Nf6 2. Bf4 g6 3. e3 Bg7 4. Nf3 d6 5. Bd3 O-O 6. h3 Nbd7 7. O-O Qe8 8. Nbd2
h6 9. Bg3 a6 10. Re1 e5 11. dxe5 dxe5 12. e4 Qe7 13. c3 Nh5 14. Bh2 Rd8 15. Qc2
Nc5 16. Bf1 f5 17. exf5 Bxf5 18. Qc1 Bd3 19. Nxe5 Qg5 20. Nxd3 Nxd3 21. Bxd3
Rxd3 22. Nf3 Qxc1 23. Raxc1 Rd7 24. Re6 Rad8 25. Rce1 g5 26. Be5 Bxe5 27. Nxe5
Nf4 {Black resigns} 1-0

[Event "Team 45 45 League T52"]
[Site "Internet Chess Club"]
[Date "2012.03.05"]
[Round "3"]
[White "otherook"]
[Black "krysto"]
[Result "1/2-1/2"]
[WhiteElo "1762"]
[BlackElo "1627"]
[Opening "English opening"]
[ECO "A13"]
[Time "20:25:09"]
[TimeControl "2700+45"]

1. c4 e6 2. b3 Nf6 3. Bb2 d5 4. cxd5 exd5 5. Nf3 c5 6. d4 Be6 7. e3 a6 8. Nbd2
Nc6 9. Rc1 cxd4 10. Nxd4 Nxd4 11. Bxd4 Bb4 12. Bd3 Ba5 13. O-O O-O 14. Nf3 Bg4
15. Be2 Ne4 16. Ne5 Bxe2 17. Qxe2 Re8 18. Qb2 f6 19. Nd3 Qd6 20. Nc5 Rab8 21.
Nxe4 dxe4 22. Rfd1 Qe6 23. b4 Bb6 24. Bxb6 Qxb6 25. Qd4 Qe6 26. Qc4 Qxc4 27.
Rxc4 Rbc8 28. Rdd4 Rxc4 29. Rxc4 Re7 30. Kf1 f5 31. h4 Kf7 32. Ke2 Kg6 33. Rc5
Kf6 34. g3 g6 35. Kd2 Ke6 36. Kc3 Kd6 37. Kd4 Rd7 38. Rd5+ Kc6 39. Rxd7 Kxd7 40.
Ke5 Ke7 41. a4 b6 42. h5 a5 43. bxa5 bxa5 44. hxg6 hxg6 45. Kd5 Kf6 46. Kc5 Ke5
47. Kb5 Kd5 48. Kxa5 Kc5 49. Ka6 Kc6 50. a5 g5 51. Ka7 Kc7 52. Ka8 Kc8 53. Ka7
Kc7 54. Ka6 Kc6 55. Ka7 Kc7 56. a6 g4 57. Ka8 Kc8 58. Ka7 Kc7 59. Ka8 Kc8 60.
Ka7 Kc7 {Game drawn by repetition} 1/2-1/2

[Event "Team 45 45 League T52"]
[Site "Internet Chess Club"]
[Date "2012.03.04"]
[Round "3"]
[White "Salvatore"]
[Black "Invicta-Knight"]
[Result "1-0"]
[WhiteElo "1527"]
[BlackElo "1445"]
[Opening "Queen's pawn game"]
[ECO "A45"]
[Time "13:10:56"]
[TimeControl "2700+45"]

1. d4 Nf6 2. Nc3 g6 3. Bg5 Bg7 4. Qd2 O-O 5. f3 d6 6. O-O-O Nbd7 7. Bh6 b6 8.
Bxg7 Kxg7 9. h4 c5 10. g4 Bb7 11. h5 gxh5 12. g5 Nd5 13. Nxd5 Bxd5 14. Rxh5 Rh8
15. Kb1 c4 16. e4 Bb7 17. d5 b5 18. Qd4+ f6 19. f4 Qb6 20. gxf6+ exf6 21. Rg5+
Kf7 22. Rg2 Qxd4 23. Rxd4 Rag8 24. Nf3 Rxg2 25. Bxg2 Rg8 26. Rd2 Nc5 27. Nd4
Nxe4 28. Re2 a6 29. a3 f5 30. Nxf5 Bxd5 31. Nh6+ {Black resigns} 1-0

[Event "Team 45 45 League T52"]
[Site "Internet Chess Club"]
[Date "2012.03.03"]
[Round "3"]
[White "parrot9"]
[Black "milesotoole"]
[Result "1-0"]
[WhiteElo "1531"]
[BlackElo "1521"]
[Opening "Sicilian: dragon, Yugoslav attack, Rauser variation"]
[ECO "B76"]
[Time "10:15:56"]
[TimeControl "2700+45"]

1. e4 c5 2. Nf3 d6 3. d4 cxd4 4. Nxd4 Nf6 5. Nc3 g6 6. f3 Bg7 7. Be3 Nc6 8. Qd2
O-O 9. O-O-O d5 10. Nxc6 bxc6 11. exd5 Nxd5 12. Nxd5 cxd5 13. Qxd5 Qc7 14. Bd3
Be6 15. Qc5 Qb8 16. c3 Rc8 17. Qa5 Qc7 18. Qxc7 Rxc7 19. Bf4 Rc5 20. Be4 Rac8
21. Bb7 Re8 22. Be3 Rc7 23. Bd5 Bf5 24. g4 Bc8 25. Rhe1 e6 26. Be4 f5 27. gxf5
exf5 28. Bd5+ Kf8 29. Bf4 Rd7 30. Rxe8+ {Black resigns} 1-0

[Event "Team 45 45 League T52"]
[Site "Internet Chess Club"]
[Date "2012.03.02"]
[Round "3"]
[White "Chatica"]
[Black "jorobo"]
[Result "0-1"]
[WhiteElo "2219"]
[BlackElo "2037"]
[Opening "Queen's bishop game"]
[ECO "D00"]
[Time "22:04:10"]
[TimeControl "2700+45"]

1. d4 d5 2. Bf4 Nf6 3. Nf3 c5 4. e3 Qb6 5. Qc1 cxd4 6. exd4 Nc6 7. c3 Bf5 8. Be2
e6 9. O-O Rc8 10. Be3 Bd6 11. Rd1 O-O 12. Nh4 Bg4 13. Nf3 Bh5 14. Nbd2 Bb8 15.
Qc2 Ng4 16. Nf1 Nxe3 17. Nxe3 Bxf3 18. Bxf3 f5 19. Qb3 Qc7 20. Nf1 Na5 21. Qb4
Nc4 22. Rac1 a5 23. Qb3 Rf6 24. Rc2 Nd6 25. Be2 Kh8 26. f3 g5 27. Qa4 h5 28. b3
g4 29. c4 b5 30. Qa3 dxc4 31. bxc4 Nxc4 32. Bxc4 bxc4 33. Rdc1 Qa7 34. Rxc4 Rxc4
35. Rxc4 Rf7 36. Rc5 a4 37. Qe3 Qd7 38. Ng3 f4 39. Qc3 fxg3 40. Rc8+ Kh7 41.
Rxb8 gxh2+ 42. Kh1 gxf3 43. gxf3 Qd5 44. Qc2+ Qf5 45. Qxf5+ Rxf5 46. Kxh2 Rxf3
47. Rb2 Kg6 48. Rd2 Ra3 49. Kg2 h4 50. Kh2 Kf6 51. Kg2 Ke7 52. d5 exd5 53. Rxd5
Rxa2+ 54. Kh3 a3 55. Kxh4 Ra1 {White resigns} 0-1

[Event "Team 45 45 League T52"]
[Site "Internet Chess Club"]
[Date "2012.03.03"]
[Round "3"]
[White "CamNewton"]
[Black "Gregorio"]
[Result "1-0"]
[WhiteElo "2155"]
[BlackElo "1805"]
[Opening "Scotch game"]
[ECO "C45"]
[Time "11:11:35"]
[TimeControl "2700+45"]

1. e4 e5 2. Nf3 Nc6 3. d4 exd4 4. Nxd4 Nge7 5. Bc4 Na5 6. Bxf7+ Kxf7 7. Qh5+ g6
8. Qxa5 Bg7 9. Be3 b6 10. Qb5 Re8 11. O-O c5 12. Nf3 Nc6 13. Qb3+ d5 14. Nc3 Ba6
15. Rfd1 Bc4 16. Qa4 Na5 17. Nxd5 Bxb2 18. Bg5 Qd6 19. Nc7 Qc6 20. Rd7+ Kg8 21.
Qxc6 Nxc6 22. Rad1 Be2 23. R1d6 Ne5 24. Nxe5 Rxe5 25. Nxa8 Rxg5 26. Rxa7 {Black
resigns} 1-0

[Event "Team 45 45 League T52"]
[Site "Internet Chess Club"]
[Date "2012.03.04"]
[Round "3"]
[White "azbycx"]
[Black "zbence"]
[Result "1/2-1/2"]
[WhiteElo "1875"]
[BlackElo "1809"]
[Opening "Queen's pawn game, Darooha variation "]
[ECO "D02"]
[Time "23:01:54"]
[TimeControl "2700+45"]

1. d4 Nf6 2. Nf3 d5 3. g3 Bf5 4. Bg2 e6 5. O-O h6 6. c4 c6 7. Nc3 dxc4 8. Ne5
Nbd7 9. Nxc4 Nb6 10. Ne5 Nbd5 11. Nxd5 exd5 12. Qb3 Qc7 13. Bf4 Bd6 14. Nd3 Bxf4
15. Nxf4 O-O 16. Rac1 Qd7 17. Nd3 Bxd3 18. Qxd3 Rfe8 19. b4 a6 20. a4 Qe7 21. b5
axb5 22. axb5 Qxe2 23. Qxe2 Rxe2 24. bxc6 bxc6 25. Rxc6 Raa2 26. Rcc1 Red2 27.
Rcd1 Kf8 28. Bf3 Ne4 29. h4 f5 30. h5 Kf7 31. Rxd2 Rxd2 32. Rd1 Rxd1+ 33. Bxd1
Nc3 34. Bf3 Ke6 35. g4 fxg4 36. Bxg4+ Kd6 37. Kf1 Nb5 38. Ke2 Nxd4+ 39. Kd3 Nc6
40. f4 Kc5 41. Be2 Kd6 42. Bg4 Nd8 43. Kd4 Ne6+ 44. Ke3 Nc7 45. Be2 Ne8 46. Kd4
Nf6 47. Bf3 Ke6 48. Be2 Kf5 49. Ke3 d4+ 50. Kf3 Nxh5 51. Bd3+ Ke6 52. Ke4 Nf6+
53. Kxd4 Ng4 54. Bc2 Kf6 55. Bd3 h5 56. Bc2 Nh6 57. Ke3 Nf5+ 58. Kf2 g6 59. Bd3
Nd4 60. Be4 Kg7 61. Ke3 Nf5+ 62. Kf3 Kf6 63. Kf2 Nd4 64. Ke3 Ne6 65. Kf3 Nc5 66.
Bc2 Ne6 67. Be4 Nc7 68. Bc6 Na6 69. Be4 Nc5 70. Bc2 Ne6 71. Be4 {Game drawn by
repetition} 1/2-1/2

[Event "Team 45 45 League T52"]
[Site "Internet Chess Club"]
[Date "2012.03.03"]
[Round "3"]
[White "QueensCounselor"]
[Black "DARKwizard1"]
[Result "1-0"]
[WhiteElo "2121"]
[BlackElo "2059"]
[Opening "QGD: Orthodox defense, Bd3 line"]
[ECO "D66"]
[Time "09:15:39"]
[TimeControl "2700+45"]

1. d4 Nf6 2. c4 e6 3. Nc3 d5 4. Bg5 Be7 5. e3 c6 6. Nf3 Nbd7 7. Rc1 O-O 8. Bd3
h6 9. Bh4 Nh5 10. Bxe7 Qxe7 11. O-O f5 12. Qc2 a6 13. cxd5 cxd5 14. Ne2 e5 15.
dxe5 Nxe5 16. Nxe5 Qxe5 17. Nd4 f4 18. Nf3 Qf6 19. Qc5 Be6 20. Qd4 fxe3 21. fxe3
Qxd4 22. Nxd4 Rxf1+ 23. Rxf1 Bd7 24. e4 dxe4 25. Bxe4 Rb8 26. Bd5+ Kh8 27. Rf7
Nf6 28. Ne6 Bxe6 29. Bxe6 b5 30. Ra7 Rd8 31. b3 Rd1+ 32. Kf2 Rd2+ 33. Kf3 Rxa2
34. Ra8+ Kh7 35. Bf5+ g6 36. Ra7+ Kh8 37. Bxg6 Rb2 38. Bf7 Kg7 39. Be6+ Kg6 40.
Rxa6 Rc2 41. Rb6 Rc5 42. b4 Rc3+ 43. Kf4 Nh5+ 44. Ke5 Nf6 45. Bf5+ Kg5 46. h4+
Kxh4 47. Rxf6 Rc4 48. g4 h5 49. Rh6 {Black resigns} 1-0

[Event "Team 45 45 League T52"]
[Site "Internet Chess Club"]
[Date "2012.03.02"]
[Round "3"]
[White "BigH"]
[Black "fledermaus"]
[Result "1-0"]
[WhiteElo "2140"]
[BlackElo "1866"]
[Opening "QGD: 4.Nf3"]
[ECO "D37"]
[Time "10:33:55"]
[TimeControl "2700+45"]

1. c4 e6 2. Nc3 d5 3. d4 Nf6 4. Nf3 Be7 5. g4 O-O 6. Qc2 Bb4 7. Bg5 Nbd7 8.
O-O-O c6 9. e3 Qa5 10. Bd3 Bxc3 11. bxc3 Qa3+ 12. Kd2 Ne4+ 13. Bxe4 dxe4 14. Ng1
f6 15. Bh4 Rd8 16. Ke1 Nb6 17. Qb3 Qa4 18. c5 Qxb3 19. axb3 Nd5 20. Ne2 Ne7 21.
c4 b6 22. Nc3 bxc5 23. dxc5 Rxd1+ 24. Kxd1 Ng6 25. Bg3 f5 26. Kc2 Bd7 27. Rd1
Rd8 28. Bc7 {Black resigns} 1-0

[Event "Team 45 45 League T52"]
[Site "Internet Chess Club"]
[Date "2012.03.03"]
[Round "3"]
[White "jonesey"]
[Black "achessman"]
[Result "1/2-1/2"]
[WhiteElo "1879"]
[BlackElo "1961"]
[Opening "Petrov: Cozio (Lasker) attack"]
[ECO "C42"]
[Time "09:09:13"]
[TimeControl "2700+45"]

1. e4 e5 2. Nf3 Nf6 3. Nxe5 d6 4. Nf3 Nxe4 5. Qe2 Qe7 6. d3 Nf6 7. Bg5 Qxe2+ 8.
Bxe2 Be7 9. Nc3 Bd7 10. O-O-O h6 11. Bd2 Nc6 12. Rde1 O-O-O 13. Bd1 Rde8 14. h3
Bd8 15. Rxe8 Rxe8 16. Re1 Rxe1 17. Bxe1 Be6 18. Bd2 Ne7 {Game drawn by mutual
agreement} 1/2-1/2

[Event "Team 45 45 League T52"]
[Site "Internet Chess Club"]
[Date "2012.03.03"]
[Round "3"]
[White "Nakke"]
[Black "fishhead"]
[Result "1-0"]
[WhiteElo "1945"]
[BlackElo "1827"]
[Opening "English, 1...Nf6 (Anglo-Indian defense)"]
[ECO "A15"]
[Time "14:02:22"]
[TimeControl "2700+45"]

1. c4 Nf6 2. g3 g6 3. Bg2 Bg7 4. e4 d6 5. Ne2 c6 6. Nbc3 e5 7. O-O Qc7 8. d3 a5
9. h3 Na6 10. Be3 h6 11. Na4 Nd7 12. Rc1 O-O 13. b3 Nac5 14. Nac3 g5 15. f4 gxf4
16. gxf4 exf4 17. Nxf4 Nf6 18. d4 Ne6 19. Nh5 Nxh5 20. Qxh5 Nxd4 21. Bxh6 f5 22.
Rcd1 c5 23. Nd5 Qf7 24. Qxf7+ Rxf7 25. Bxg7 Kxg7 26. Nb6 Rb8 27. Nxc8 Rxc8 28.
exf5 Kf6 29. Kh2 b6 30. Bf3 Re7 31. Bg4 Re5 32. a3 Re3 33. Rb1 Nxb3 34. Rf3 Rce8
35. Rxb3 {Black resigns} 1-0

[Event "Team 45 45 League T52"]
[Site "Internet Chess Club"]
[Date "2012.03.01"]
[Round "3"]
[White "BotanicalKnight"]
[Black "SirIvanhoe"]
[Result "1/2-1/2"]
[WhiteElo "1512"]
[BlackElo "1489"]
[Opening "Caro-Kann defense"]
[ECO "B10"]
[Time "19:00:22"]
[TimeControl "2700+45"]

1. e4 c6 2. g3 d5 3. e5 Bf5 4. d3 e6 5. Bg2 Qa5+ 6. Bd2 Bb4 7. c3 Be7 8. d4 Qb6
9. b3 c5 10. f4 cxd4 11. Nf3 dxc3 12. Nxc3 Nc6 13. Rc1 a6 14. h3 h5 15. Na4 Qd8
16. O-O Rc8 17. Qe2 Ba3 18. Rce1 Nb4 19. Bxb4 Bxb4 20. Rc1 b5 21. Nb2 Ne7 22.
Nd3 Ba3 23. Rxc8 Qxc8 24. Nd4 Bxd3 25. Qxd3 Bc5 26. Kh2 Bxd4 27. Qxd4 Qb7 28.
Rc1 O-O 29. Qd1 g6 30. g4 hxg4 31. hxg4 Rc8 32. Kg3 Rxc1 33. Qxc1 Qc6 34. Qa3
Qb7 35. Qc5 Nc8 36. f5 gxf5 37. gxf5 Qd7 38. f6 Qd8 39. Qe3 Qf8 40. Qg5+ Kh8 41.
Qh5+ Kg8 42. Qg5+ {Game drawn by mutual agreement} 1/2-1/2

[Event "Team 45 45 League T52"]
[Site "Internet Chess Club"]
[Date "2012.03.04"]
[Round "3"]
[White "LeanSixSigma"]
[Black "The-Capitalist"]
[Result "0-1"]
[WhiteElo "1383"]
[BlackElo "1420"]
[Opening "Caro-Kann: classical, Spassky variation"]
[ECO "B18"]
[Time "21:00:18"]
[TimeControl "2700+45"]

1. e4 c6 2. d4 d5 3. Nc3 dxe4 4. Nxe4 Bf5 5. Ng3 Bg6 6. Nf3 Nd7 7. h4 h6 8. h5
Bh7 9. Bd3 Bxd3 10. Qxd3 Ngf6 11. Bd2 e6 12. O-O-O Be7 13. Kb1 Qb6 14. Bc3 O-O
15. Rhe1 Rfe8 16. Ne5 Nxe5 17. dxe5 Red8 18. Qf3 Rxd1+ 19. Rxd1 Nd5 20. Rd3
Nxc3+ 21. Rxc3 Qd4 22. Qe2 Rd8 23. Rd3 Qb6 24. Rxd8+ Qxd8 25. Qd3 Qa5 26. Qe4
Bc5 27. f4 Qd2 28. a3 Qd1+ 29. Ka2 Qg4 30. Qf3 Qxf3 31. gxf3 g6 32. hxg6 fxg6
33. Kb3 Be3 34. Ne4 Bxf4 35. Nf6+ Kf7 36. Ng4 h5 37. Nf2 g5 38. Kc4 Bxe5 39. b3
Kg6 40. Kd3 Bg3 41. Nh1 h4 42. Ke2 Kf6 43. Kf1 Kf5 44. Kg2 Kf4 45. c4 e5 46. a4
g4 47. fxg4 Kxg4 48. Nxg3 hxg3 49. b4 e4 50. c5 e3 51. Kf1 Kf3 52. b5 g2+ 53.
Kg1 e2 {White resigns} 0-1

[Event "Team 45 45 League T52"]
[Site "Internet Chess Club"]
[Date "2012.03.03"]
[Round "3"]
[White "PostMike"]
[Black "drsigmund1"]
[Result "0-1"]
[WhiteElo "1430"]
[BlackElo "1451"]
[Opening "French: advance, Milner-Barry gambit"]
[ECO "C02"]
[Time "11:00:09"]
[TimeControl "2700+45"]

1. e4 e6 2. d4 d5 3. e5 c5 4. c3 Nc6 5. Nf3 Qb6 6. Bd3 Nge7 7. O-O cxd4 8. cxd4
Bd7 9. Bc2 Rc8 10. a3 Nf5 11. Bxf5 exf5 12. Nc3 Be6 13. Na4 Qc7 14. b4 Be7 15.
Bb2 O-O 16. Rc1 Qd8 17. Nc5 b6 18. Nd3 g5 19. Bc3 g4 20. Nd2 Bg5 21. b5 Na5 22.
Bxa5 bxa5 23. f4 Be7 24. Nc5 Qb6 25. Qa4 Bxc5 26. dxc5 Rxc5 27. Rxc5 Qxc5+ 28.
Kh1 Qb6 29. Nb3 a6 30. bxa6 Qxa6 31. Rc1 Rc8 32. Ra1 Qd3 33. Nd4 Qc3 34. Qd1 Rc4
35. Nb5 Qe3 36. g3 Qf3+ 37. Kg1 Qxd1+ 38. Rxd1 Kf8 39. Rd2 Ke7 40. Kf2 Rc5 41.
Nd4 Rc3 42. Ra2 Bd7 43. Nxf5+ Bxf5 {White resigns} 0-1

[Event "Team 45 45 League T52"]
[Site "Internet Chess Club"]
[Date "2012.03.04"]
[Round "3"]
[White "lawth3"]
[Black "KidRattler"]
[Result "0-1"]
[WhiteElo "1162"]
[BlackElo "1431"]
[Opening "QGD Slav defense: exchange variation"]
[ECO "D13"]
[Time "14:03:48"]
[TimeControl "2700+45"]

1. d4 d5 2. c4 c6 3. cxd5 cxd5 4. Nf3 Nc6 5. Nc3 Nf6 6. Bf4 Qb6 7. Qd2 e6 8. e3
Bb4 9. a3 Bxc3 10. Qxc3 Ne4 11. Qc2 Bd7 12. Bd3 Na5 13. b4 Rc8 14. Qb2 Nc4 15.
Qb3 a5 16. Bxe4 dxe4 17. Nd2 Nxd2 18. Kxd2 O-O 19. Rhc1 Rxc1 20. Rxc1 axb4 21.
Qxb4 Qxb4+ 22. axb4 Rc8 23. Rxc8+ Bxc8 24. Kc3 b5 25. d5 exd5 26. Kd4 f5 27.
Kxd5 Kf7 28. Ke5 h6 29. g4 g5 30. Bg3 fxg4 31. Kxe4 h5 32. f3 h4 33. Be5 Bb7+
34. Kd4 gxf3 35. Kd3 Bd5 36. e4 Bxe4+ 37. Ke3 Ke6 38. Bc3 Kd5 39. Be1 h3 40. Kf2
Kd4 41. Kg3 Ke3 42. Kxh3 Ke2 43. Bg3 f2 44. Bxf2 Kxf2 45. Kg4 Kg2 46. h4 gxh4
47. Kxh4 Kf3 48. Kg5 Ke3 49. Kf6 Kd4 50. Ke6 Kc4 51. Ke5 Bd3 52. Kf4 Kxb4 53.
Ke3 Kc3 54. Kf2 b4 55. Ke1 Bc2 {White resigns} 0-1

[Event "Team 45 45 League T52"]
[Site "Internet Chess Club"]
[Date "2012.03.03"]
[Round "3"]
[White "tryanything"]
[Black "Juan73"]
[Result "0-1"]
[WhiteElo "1539"]
[BlackElo "1729"]
[Opening "Giuoco Piano"]
[ECO "C50"]
[Time "19:05:19"]
[TimeControl "2700+45"]

1. e4 e5 2. Nf3 Nc6 3. Bc4 Bc5 4. O-O d6 5. c3 Bg4 6. h3 Bh5 7. Be2 g5 8. Nh2
Bxe2 9. Qxe2 h5 10. d3 Qe7 11. Be3 Bxe3 12. fxe3 O-O-O 13. Nd2 Nf6 14. Rf2 g4
15. hxg4 hxg4 16. Nxg4 Nxg4 17. Qxg4+ Kb8 18. g3 Rdg8 19. Qf3 Qh4 20. Nf1 Nd8
21. Qg2 Qg5 22. Rf5 Qg6 23. Kf2 Ne6 24. Nh2 Rh7 25. Rh1 Ng7 26. Rf3 f5 27. exf5
Nxf5 28. Nf1 Nh4 29. Rxh4 Rxh4 30. e4 Rhh8 31. Ke2 Rf8 32. Rxf8+ Rxf8 33. Ne3
Rh8 34. Nf5 Qg4+ 35. Ke3 Qd1 36. Qd2 Qg1+ 37. Kf3 Rh2 38. Qg5 Qd1+ {White
resigns} 0-1

[Event "Team 45 45 League T52"]
[Site "Internet Chess Club"]
[Date "2012.03.04"]
[Round "3"]
[White "Andressa"]
[Black "nanning"]
[Result "0-1"]
[WhiteElo "1417"]
[BlackElo "1581"]
[Opening "Caro-Kann: advance variation"]
[ECO "B12"]
[Time "10:02:07"]
[TimeControl "2700+45"]

1. e4 c6 2. d4 d5 3. e5 Bf5 4. Nf3 e6 5. a3 Nd7 6. Bd3 Ne7 7. O-O Bxd3 8. Qxd3
c5 9. c4 cxd4 10. cxd5 Nxd5 11. Qxd4 Be7 12. Nc3 Nxc3 13. Qxc3 Rc8 14. Qd3 O-O
15. Rd1 Qc7 16. Bf4 Nb6 17. Rac1 Qb8 18. b4 Nd5 19. Be3 Rfd8 20. Bc5 Nxb4 21.
Qb3 Rxd1+ 22. Rxd1 Bxc5 23. axb4 Bb6 24. h3 Qc7 25. Rd6 Qc1+ 26. Rd1 Qc2 27.
Qxc2 Rxc2 28. Rd7 Rxf2 29. Kh2 Rb2 30. Ng5 Rxb4 31. Rxb7 Bg1+ {White resigns}
0-1

[Event "Team 45 45 League T52"]
[Site "Internet Chess Club"]
[Date "2012.03.04"]
[Round "3"]
[White "JohLeb"]
[Black "PANAMA-REY"]
[Result "1/2-1/2"]
[WhiteElo "1392"]
[BlackElo "1412"]
[Opening "QGD Slav: 4.Nc3"]
[ECO "D15"]
[Time "14:00:31"]
[TimeControl "2700+45"]

1. d4 d5 2. c4 c6 3. Nc3 Nf6 4. Nf3 Bg4 5. cxd5 Nxd5 6. Nxd5 Qxd5 7. e3 Bxf3 8.
Qxf3 Qxf3 9. gxf3 e6 10. Bd3 Bb4+ 11. Bd2 Bxd2+ 12. Kxd2 Nd7 13. Rag1 g6 14. h4
h5 15. Rg5 Nf6 16. e4 Ke7 17. e5 Nd5 18. Be4 Rad8 19. Rd1 Rd7 20. Bxd5 Rxd5 21.
Ke2 Rhd8 22. Ke3 c5 23. f4 cxd4+ 24. Ke4 d3 25. Rg3 Rd4+ 26. Ke3 d2 27. Rf3 R8d5
28. Ke2 Kd7 29. Ke3 Kc6 30. Rg3 Kb5 31. Ke2 Kb4 32. Rb3+ Kc5 33. Rc3+ Kb6 34.
Ke3 a6 35. Rc2 Kb5 36. Rcxd2 Rxd2 37. Rxd2 Rxd2 38. Kxd2 Kc5 39. Kd3 b5 40. a3
Kd5 41. b4 Kc6 42. Kd4 Kb6 43. Kc3 Kc6 44. Kd4 Kb6 45. Kc3 a5 46. Kd4 a4 47. Kc3
Kc6 48. Kd4 Kb6 {Game drawn by mutual agreement} 1/2-1/2

[Event "Team 45 45 League T52"]
[Site "Internet Chess Club"]
[Date "2012.03.05"]
[Round "3"]
[White "sockmonkey"]
[Black "theartist"]
[Result "1/2-1/2"]
[WhiteElo "1363"]
[BlackElo "1208"]
[Opening "Queen's pawn: Torre attack"]
[ECO "A46"]
[Time "11:31:39"]
[TimeControl "2700+45"]

1. d4 Nf6 2. Nf3 e6 3. Bg5 h6 4. Bh4 c5 5. c3 b6 6. e3 Bb7 7. Bd3 d6 8. Nbd2
Nbd7 9. O-O cxd4 10. cxd4 Be7 11. Rc1 Rc8 12. Rxc8 Qxc8 13. Qc1 O-O 14. Qb1 Re8
15. Rc1 Qd8 16. e4 Ng4 17. Bxe7 Rxe7 18. h3 Ngf6 19. e5 Ne8 20. Ne4 Nf8 21. Rc3
Rc7 22. Qc2 Rxc3 23. Qxc3 d5 24. Ng3 Qc7 25. Qxc7 Nxc7 26. a4 Ba6 27. Ne1 b5 28.
a5 b4 29. Bxa6 Nxa6 30. b3 Ng6 31. Ne2 Ne7 {Game drawn by mutual agreement}
1/2-1/2

[Event "Team 45 45 League T52"]
[Site "Internet Chess Club"]
[Date "2012.03.01"]
[Round "3"]
[White "chekbouncer"]
[Black "bmw2002"]
[Result "0-1"]
[WhiteElo "1480"]
[BlackElo "1603"]
[Opening "Polish (Sokolsky) opening"]
[ECO "A00"]
[Time "22:04:59"]
[TimeControl "2700+45"]

1. b4 e5 2. Bb2 d6 3. b5 Nf6 4. c4 Be6 5. e3 Nbd7 6. Nf3 Be7 7. Nc3 c6 8. Ng5
Bf5 9. e4 Bg6 10. d4 h6 11. dxe5 Nxe5 12. Nh3 Nxe4 13. Be2 Nc5 14. Nf4 Bf5 15.
O-O O-O 16. a4 Bg5 17. Bc1 a6 18. Be3 axb5 19. cxb5 Ne4 20. Nxe4 Bxe4 21. Qd4
Bc2 22. Rfc1 c5 23. Qd2 Bh7 24. Nd5 Bf6 25. Nxf6+ Qxf6 26. Qd5 b6 27. f4 Ng6 28.
g3 Ne7 29. Qg2 Nf5 30. Bf2 Rae8 31. Kf1 Nd4 32. Bc4 Nc2 33. Ra2 Ne3+ 34. Bxe3
Rxe3 35. Bd5 Rfe8 36. Bc6 R8e7 37. Qd2 Bd3+ 38. Kg1 Qd4 39. Qf2 Re1+ 40. Rxe1
Rxe1+ 41. Kg2 Be4+ 42. Bxe4 Qxe4+ 43. Qf3 Qc4 44. Rd2 Qxa4 45. Rxd6 Qxb5 46.
Qa8+ Kh7 47. Qb7 Qf1# {White checkmated} 0-1